 Dungeon Crawl Stone Soup version 0.18.1-8-gdd0e5ea (webtiles) character file.

2745 oplop the Covert (level 9, -2/57 HPs)
             Began as a Vampire Enchanter on May 21, 2016.
             Was a Follower of Ashenzari.
             Slain by a hippogriff (9 damage)
             ... on level 9 of the Dungeon.
             The game lasted 00:15:14 (6225 turns).

oplop the Covert (Vampire Enchanter)                Turns: 6225, Time: 00:15:15

Health: -2/57      AC:  4    Str:  7    XL:     9   Next: 41%
Magic:  13/19      EV: 13    Int: 18    God:    Ashenzari [*.....]
Gold:   310        SH:  0    Dex: 17    Spells: 5 memorised, 10 levels left

rFire  + . .     SeeInvis +     a - +1 dagger
rCold  + + +     Gourm    .     b - +1 robe
rNeg   + + +     Faith    .     (no shield)
rPois  ∞         Spirit   .     C - +0 helmet of Sulauxuff {rF+ rC+ SInv} (curse)
rElec  .         Dismiss  .     (no cloak)
rCorr  .         Reflect  .     (no gloves)
SustAt .         Harm     .     (no boots)
MR     .....                    (no amulet)
Stlth  ++++++++..               (no ring)
                                e - ring of stealth

@: bloodless, non-regenerating, not resistant to hostile enchantments,
extraordinarily stealthy
A: fangs 3, see invisible, unbreathing
a: Bat Form, Curse Item, Scrying, Renounce Religion


You were on level 9 of the Dungeon.
You worshipped Ashenzari.
Ashenzari was aware of your devotion.
You were bloodless.

You visited 1 branch of the dungeon, and saw 9 of its levels.

You collected 490 gold pieces.
You spent 180 gold pieces at shops.

Inventory:

Hand Weapons
 a - a +1 dagger (weapon)
 A - a +0 blowgun
Missiles
 l - 4 javelins (quivered)
 z - 21 poisoned needles
 R - a throwing net
Armour
 b - a +1 robe (worn)
 C - the cursed +0 helmet of Sulauxuff (worn) {rF+ rC+ SInv}
   (You bought it in a shop on level 4 of the Dungeon)

   It protects you from fire.
   It protects you from cold.
   It lets you see invisible.
   It has a curse placed upon it.
 E - a +0 buckler
Jewellery
 e - a ring of stealth (left hand)
 N - an uncursed ring of stealth
Wands
 s - a wand of digging (1/24)
 F - a wand of paralysis (10/24)
 I - a wand of flame (14/48)
 L - a wand of slowing (38/48)
 S - a wand of flame (20/48)
Scrolls
 i - 5 scrolls of remove curse
 j - 4 scrolls of noise {unknown}
 n - 3 scrolls of teleportation {unknown}
 o - 7 scrolls of identify {unknown}
 p - 2 scrolls of magic mapping {unknown}
 u - 2 scrolls of blinking {unknown}
 w - 2 scrolls of fog {unknown}
 y - 2 scrolls of recharging {unknown}
 B - a scroll of fear {unknown}
 H - a scroll of immolation {unknown}
 J - a scroll of random uselessness {unknown}
 K - 2 scrolls of enchant armour {unknown}
 M - a scroll of silence {unknown}
 T - a scroll of amnesia {unknown}
Potions
 d - 8 potions of blood
 f - 2 potions of cancellation {unknown}
 g - 3 potions of curing {unknown}
 h - 2 potions of flight {unknown}
 k - a potion of agility {unknown}
 m - 2 potions of invisibility {unknown}
 q - a potion of degeneration {unknown}
 r - a potion of cure mutation {unknown}
 t - 2 potions of resistance
 v - 2 potions of brilliance {unknown}
 x - 3 potions of mutation {unknown}
 D - a potion of heal wounds {unknown}
 G - 3 potions of haste {unknown}
 O - a potion of experience {unknown}
 P - a potion of magic {unknown}
Books
 c - a book of Maledictions

   Spells                             Type                      Level
   a - Corona                         Hexes                        1
   b - Ensorcelled Hibernation        Hexes/Ice                    2
   c - Confuse                        Hexes                        3
   d - Tukima's Dance                 Hexes                        3
   e - Dazzling Spray                 Conjuration/Hexes            3
 Q - a book of Enchantments

   Spells                             Type                      Level
   a - Cause Fear                     Hexes                        4
   b - Yara's Violent Unravelling     Hexes/Transmutation          5
   c - Silence                        Hexes/Air                    5
   d - Deflect Missiles               Charms/Air                   6
   e - Haste                          Charms                       6
   f - Discord                        Hexes                        8


   Skills:
 + Level 0.0 Fighting
 + Level 1.1 Short Blades
 + Level 2.1 Dodging
 - Level 11.9 Stealth
 - Level 7.0 Spellcasting
 - Level 11.6 Hexes


You had 10 spell levels left.
You knew the following spells:

 Your Spells              Type           Power        Failure   Level  Hunger
a - Corona                Hex            #####..      1%          1    None
b - Ensorcelled Hibernat  Hex/Ice        ####..       1%          2    None
c - Confuse               Hex            #####...     1%          3    ##.....
d - Tukima's Dance        Hex            #####...     1%          3    ##.....
e - Dazzling Spray        Conj/Hex       ####....     2%          3    ##.....


Dungeon Overview and Level Annotations

Branches:
Dungeon (9/15)             Temple (0/1) D:5
   Lair: D:8-11         Orc: D:9-12

Altars:
Ashenzari
Cheibriados
Kikubaaqudgha
Okawaru
Pakellas
Qazlal
Ru
Vehumet
Xom
Yredelemnul
Zin

Shops:
D:4 *   D:5 *

Annotations:
D:3 Blork the orc


Innate Abilities, Weirdness & Mutations

You do not heal naturally.
You are immune to poison.
You have razor-sharp teeth.
You have supernaturally acute eyesight.
You can survive without breathing.


Message History

Aiming: Ensorcelled Hibernation
Press: ? - help, Shift-Dir - straight line, f - hippogriff
Aim: a hippogriff (chance to defeat MR: 56%)
The hippogriff resists with significant effort.
Casting: Ensorcelled Hibernation
Confirm with . or Enter, or press ? or * to list all spells.
Aiming: Ensorcelled Hibernation
Press: ? - help, Shift-Dir - straight line, f/p - hippogriff
Aim: a hippogriff (chance to defeat MR: 56%)
The hippogriff resists with significant effort.
Casting: Ensorcelled Hibernation
Confirm with . or Enter, or press ? or * to list all spells.
Aiming: Ensorcelled Hibernation
Press: ? - help, Shift-Dir - straight line, f/p - hippogriff
Aim: a hippogriff (chance to defeat MR: 56%)
The hippogriff looks drowsy...
The giant frog gives a loud, deep croak!
The hippogriff screeches!
The hippogriff bites you!
You die...

#............#######.
#.####.......########
#............#.....#
#............'.....#
#........##'##.....#
#.#......#...#.....#
# #...##.#...#.....#
#.#......###########
#...@##### #...H#
#....# #.##.# #. .F+
#. ..# # #.# #.##.#
#....#


You could see a hippogriff and a giant frog.

Vanquished Creatures
  A hungry ghost (D:7)
  A hippogriff (D:8)
  A steam dragon (D:7)
  A necrophage (D:7)
  A black bear (D:7)
  2 ogres
  A centaur (D:8)
  A crocodile (D:8)
  A gnoll sergeant (D:5)
  8 giant frogs
  A wight (D:8)
  3 howler monkeys
  An electric eel (D:7)
  A giant frog zombie (D:5)
  2 jellies
  A quasit (D:9)
  An orc priest (D:3)
  2 hounds
  4 orc wizards
  A giant frog skeleton (D:5)
  An iguana (D:5)
  14 worker ants
  A killer bee zombie (D:8)
  3 hound skeletons
  4 gnolls (D:5)
  7 adders
  2 shadow imps
  3 oozes
  An adder skeleton (D:5)
  An adder zombie (D:8)
  3 worms
  2 dart slugs
  4 giant geckos
  13 orcs
  4 giant cockroaches
  8 goblins
  2 hobgoblins
  4 jackals
  6 kobolds
  2 quokkas
  7 bats
  A giant cockroach zombie (D:6)
  A giant gecko zombie (D:5)
  5 giant newts (D:1)
  A quokka skeleton (D:5)
  9 rats
144 creatures vanquished.

Vanquished Creatures (collateral kills)
  3 wights (D:8)
3 creatures vanquished.

Grand Total: 147 creatures vanquished

Notes
Turn   | Place    | Note
--------------------------------------------------------------
     0 | D:1      | oplop the Vampire Enchanter began the quest for the Orb.
     0 | D:1      | Reached XP level 1. HP: 13/13 MP: 3/3
    83 | D:1      | Reached XP level 2. HP: 13/19 MP: 5/5
   154 | D:1      | Reached skill level 5 in Hexes
   245 | D:1      | Reached XP level 3. HP: 24/24 MP: 6/6
   780 | D:2      | Found an oddly glowing altar of Pakellas.
   939 | D:2      | Learned a level 2 spell: Ensorcelled Hibernation
   943 | D:2      | Learned a level 3 spell: Confuse
  1424 | D:3      | Lost strength.
  1453 | D:3      | Noticed Blork the orc
  1539 | D:3      | Reached skill level 5 in Stealth
  1676 | D:3      | Reached XP level 4. HP: 15/30 MP: 3/8
  1907 | D:3      | Reached XP level 5. HP: 32/35 MP: 2/9
  2346 | D:4      | Noticed an ogre
  2370 | D:3      | Reached XP level 6. HP: 26/41 MP: 1/11
  2742 | D:4      | Found a shimmering altar of Xom.
  2743 | D:4      | Found a shattered altar of Ashenzari.
  2743 | D:4      | Found a basalt altar of Yredelemnul.
  2746 | D:4      | Found a sacrificial altar of Ru.
  2805 | D:4      | Found an iron altar of Okawaru.
  2833 | D:4      | Found Ciasoufoj's Assorted Antiques.
  2910 | D:4      | Became a worshipper of Ashenzari the Shackled
  3119 | D:5      | Entered Level 5 of the Dungeon
  3119 | D:5      | Found Zin's Purification Station.
  3119 | D:5      | Found a glowing silver altar of Zin.
  3150 | D:5      | Found a snail-covered altar of Cheibriados.
  3316 | D:4      | Bought a faintly humming helmet for 180 gold pieces
  3321 | D:4      | Identified the cursed +0 helmet of Sulauxuff {rF+ rC+ SInv} (You bought it in a shop on level 4 of the Dungeon)
  3375 | D:5      | Found a staircase to the Ecumenical Temple.
  3494 | D:5      | Reached XP level 7. HP: 39/46 MP: 10/13
  3623 | D:5      | Learned a level 3 spell: Tukima's Dance
  3627 | D:5      | Learned a level 3 spell: Dazzling Spray
  3925 | D:6      | Reached skill level 5 in Spellcasting
  4060 | D:6      | Found a radiant altar of Vehumet.
  4132 | D:6      | Reached XP level 8. HP: 52/52 MP: 15/15
  4538 | D:7      | Reached skill level 10 in Stealth
  4598 | D:7      | Reached skill level 10 in Hexes
  4892 | D:7      | oplop: ку
  5003 | D:7      | Reached * piety under Ashenzari
  5183 | D:7      | Reached XP level 9. HP: 57/57 MP: 15/18
  5366 | D:8      | Found a stormy altar of Qazlal.
  5422 | D:8      | Found an ancient bone altar of Kikubaaqudgha.
  6225 | D:9      | Slain by a hippogriff

Skill      XL: |  1  2  3  4  5  6  7  8  9 |
---------------+----------------------------+-----
Hexes          | 5 6 7 8 9 10 11 | 11.6
Stealth        | 5 6 7 9 11 | 11.9
Spellcasting   | 3 4 5 6 7 |  7.0
Short Blades   | |  1.1
Dodging        | |  2.1

Action                   |  1- 3 |  4- 6 |  7- 9 || total
-------------------------+-------+-------+-------++-------
Melee: Dagger            |   132 |    93 |   147 ||   372
       Bite              |     5 |     7 |     9 ||    21
 Fire: Blowgun           |       |     5 |       ||     5
 Cast: Corona            |    12 |     2 |       ||    14
       Ensorcelled Hiber |     9 |    23 |    51 ||    83
       Confuse           |       |     6 |    15 ||    21
       Tukima's Dance    |       |       |     2 ||     2
 Abil: End Transformatio |       |       |     2 ||     2
       Bat Form          |       |       |     2 ||     2
  Use: Scroll            |     1 |       |       ||     1
 Stab: Sleeping          |    21 |    24 |    53 ||    98
       Confused          |       |     1 |     7 ||     8
       Distracted        |       |       |     1 ||     1
Armor: Robe              |    51 |    27 |    24 ||   102
Dodge: Dodged            |   104 |    83 |   102 ||   289
